Map: Орбитальная верфь

Players

Yoshi

  • Race: Zerg Zerg
  • League: Diamond

KoyoT - Winner!

  • Race: Terran Terran

Event: Gauntlet LotV Series 1 Qualifier 1

VOD

Have the link to the VOD?

Description

Time

  • Played on: Nov. 22, 2015, 3:25 p.m.
  • Length: 4:00

All games in this series

Show
View Real Time Build Order
Export as new Build Order

Yoshi Zerg 

Build Orders: Hatch First 

Get SALT Encoding   

  12  0:01  Drone  
  13  0:09  Drone  
  14  0:17  Overlord  
  14  0:22  Extractor  
  14  0:23  Drone  
  15  0:35  Drone x2  
  17  0:44  Drone  
  18  0:56  Hatchery  
  17  1:00  Drone  
  18  1:10  Extractor  
  17  1:14  Spawning Pool  
  17  1:17  Drone  
  17  1:20  Drone  
  18  1:27  Drone  
  19  1:45  Hatchery  
  18  2:01  Queen  
  18  2:08  Queen  
  22  2:12  Overlord  
  22  2:19  Metabolic Boost  
  22  2:28  Zergling x4  
  23  2:32  Zergling x2  
  2  3:36  Drone  
Show
View Real Time Build Order
Export as new Build Order

KoyoT Terran - Winner!

Build Orders:  

Get SALT Encoding   

  12  0:01  SCV  
  13  0:14  Supply Depot  
  13  0:19  SCV  
  14  0:31  SCV  
  15  0:47  Barracks  
  15  0:52  Barracks  
  15  0:56  SCV  
  16  1:08  SCV  
  17  1:20  SCV  
  18  1:34  Marine, Orbital Command  
  19  1:41  Marine  
  19  1:43  Supply Depot  
  19  1:45  Bunker  
  20  1:53  Bunker, Marine  
  21  1:59  Marine  
  22  2:01  SCV  
  23  2:10  Supply Depot  
  23  2:11  Marine  
  24  2:17  Marine  
  24  2:18  Bunker  
  25  2:25  SCV  
  25  2:28  Marine  
  27  2:35  Marine  
  29  2:37  SCV  
  29  2:46  Marine  
  29  2:49  SCV  
  30  2:53  Marine  
  31  3:01  SCV  
  30  3:09  Marine  
  30  3:10  Marine  
  32  3:13  SCV  
  32  3:17  Command Center  
  30  3:28  SCV, Marine  
  31  3:44  SCV  
Tags
 
Add a new tag
Caveats
  • Supply blocks, unpowered buildings, or Contaminate may cause inaccurate times.
  • Supply counts are checked every 10 seconds.